 Dungeon Crawl Stone Soup version 0.21.1-1-g345015fe64 (webtiles) character file.

137 Kohma the Shield-Bearer (level 5, -2/33 HPs)
             Began as a Gargoyle Fighter on June 19, 2018.
             Was an Initiate of Makhleb.
             Slain by Sigmund
             ... wielding a +0 antimagic scythe
              (4 damage)
             ... on level 3 of the Dungeon.
             The game lasted 00:05:39 (2012 turns).

Kohma the Shield-Bearer (Gargoyle Fighter)          Turns: 2012, Time: 00:05:40

Health: -2/33      AC: 11    Str: 21    XL:     5   Next: 20%
Magic:  0/5        EV:  7    Int:  8    God:    Makhleb [......]
Gold:   123        SH:  9    Dex:  9    Spells: 4/4 levels left

rFire    . . .     SeeInvis .   a - +0 flail
rCold    . . .     Gourm    .   c - +0 shield
rNeg     + . .     Faith    .   b - +0 scale mail
rPois    ∞         Spirit   .   (no helmet)
rElec    +         Reflect  .   (no cloak)
rCorr    .         Harm     .   (no gloves)
MR       .....                  (no boots)
Stlth    ..........             (no amulet)
HPRegen  0.11/turn              (no ring)
MPRegen  0.09/turn              (no ring)

@: no status effects
A: negative energy resistance 1, electricity resistance, unbreathing,
petrification resistance, rot immunity, AC +4
a: Renounce Religion


You were on level 3 of the Dungeon.
You worshipped Makhleb.
Makhleb was noncommittal.
You were not hungry.

You visited 1 branch of the dungeon, and saw 3 of its levels.

You collected 123 gold pieces.

Inventory:

Hand Weapons
 a - a +0 flail (weapon)
Missiles
 h - 32 bolts
Armour
 b - a +0 scale mail (worn)
 c - a +0 shield (worn)
 q - a +1 ring mail of cold resistance
Jewellery
 n - a cursed ring of loudness {unknown}
 r - an uncursed ring of wizardry {unknown}
Scrolls
 g - 3 scrolls of identify {unknown}
 i - a scroll of fear {unknown}
 k - 2 scrolls of enchant armour {unknown}
 l - a scroll of immolation {unknown}
 p - a scroll of remove curse {unknown}
Potions
 d - 2 potions of might
 e - a potion of ambrosia {unknown}
 j - 2 potions of berserk rage {unknown}
 m - a potion of brilliance {unknown}
 o - 2 potions of flight {unknown}
 s - a potion of cancellation {unknown}
 t - a potion of mutation {unknown}
Comestibles
 f - 4 rations
 u - 2 chunks of flesh


   Skills:
 + Level 3.8 Fighting
 * Level 3.4 Maces & Flails
 + Level 3.9 Armour
 * Level 4.5 Shields


You had 4 spell levels left.
You didn't know any spells.

Dungeon Overview and Level Annotations

Branches:
Dungeon (3/15)

Altars:
Makhleb
Ru

Annotations:
D:3 Sigmund


Innate Abilities, Weirdness & Mutations

You are resistant to torment.
Your stone body is resilient. (AC +4)
You are immune to poison.
You resist negative energy. (rN+)
You are resistant to electric shocks. (rElec)
You can survive without breathing.
You are immune to petrification.
You are immune to rotting.


Message History

Your shield and scale mail prevent you from hitting the goblin.
The goblin barely misses you. You block the goblin's attack.
Something hits you but does no damage.
Your shield and scale mail prevent you from hitting the goblin.
The goblin barely misses you. Something hits you!
You feel your power leaking away.
You closely miss the goblin. The goblin hits you.
You block the goblin's attack. Something hits you but does no damage.
You barely miss the goblin. The goblin hits you but does no damage.
You barely miss the goblin. Something hits you. The goblin barely misses you.
You sock the goblin!
You kill the goblin!
Makhleb accepts your kill. Something hits you.
* * * LOW HITPOINT WARNING * * *
Something hits you.
* * * LOW HITPOINT WARNING * * *
You can't go up here!
Something hits you.
You die...

#.##.....#....<#.#
#.....####...###.#
#..########.....#...# #.#
.........######.##.####.#
##..####.######.##......#
.......>.....##.#########
###.###.........#
##.###.###.####.####
...............@#
#.####.##.###..# #..#.#
#.{# ##.#.###..#
#.#......# #..g#....#
##..#.#### #####..#.#
#....g.#).


There were no monsters in sight!

Vanquished Creatures
  Natasha (thrice) (D:2)
  2 adders (D:2)
  A dart slug (D:1)
  2 leopard geckos (D:3)
  2 ball pythons (D:1)
  A giant cockroach (D:2)
  3 hobgoblins
  10 jackals
  4 kobolds
  A quokka (D:2)
  3 bats
  3 frilled lizards
  5 goblins
  4 rats
44 creatures vanquished.

Notes
Turn   | Place    | Note
-------+----------+-------------------------------------------
     0 | D:1      | Kohma the Gargoyle Fighter began the quest for the Orb.
     0 | D:1      | Reached XP level 1. HP: 14/14 MP: 1/1
   102 | D:1      | Reached XP level 2. HP: 19/19 MP: 2/2
   799 | D:2      | Reached XP level 3. HP: 19/23 MP: 3/3
   867 | D:2      | Found a sacrificial altar of Ru.
   932 | D:2      | Noticed Natasha
   943 | D:2      | Killed Natasha
   943 | D:2      | Reached skill level 4 in Shields
   943 | D:2      | Reached XP level 4. HP: 7/29 MP: 4/4
  1164 | D:2      | Noticed Natasha
  1174 | D:2      | Killed Natasha
  1218 | D:2      | Noticed Natasha
  1233 | D:2      | Killed Natasha
  1431 | D:2      | Reached XP level 5. HP: 33/33 MP: 5/5
  1704 | D:2      | Found a burning altar of Makhleb.
  1715 | D:2      | Became a worshipper of Makhleb the Destroyer
  1979 | D:3      | Noticed Sigmund
  2012 | D:3      | Slain by Sigmund

Skill      XL: |  1  2  3 |
---------------+----------+-----
Maces & Flails | 3 |  3.4
Shields        | 4 |  4.5
Fighting       | |  3.8
Armour         | |  3.9

Action                   |  1- 3 |  4- 6 || total
-------------------------+-------+-------++-------
Melee: Flail             |   132 |    89 ||   221
  Eat: Chunk             |       |     4 ||     4
Armor: Scale mail        |    99 |    65 ||   164
Dodge: Dodged            |    63 |    26 ||    89
Block: Shield            |    90 |    46 ||   136
